 Dungeon Crawl Stone Soup version 0.31-a0-1002-g8e65716e6e (webtiles) character file.

Game seed: 2569380856427108426

35 kae the Vexing (level 3, -1/24 HPs)
             Began as a Demonspawn Enchanter on Nov 9, 2023.
             Slain by a worm (6 damage)
             ... on level 2 of the Dungeon.
             The game lasted 00:01:03 (1431 turns).

kae the Vexing (Demonspawn Enchanter)               Turns: 1431, Time: 00:01:03

Health: -1/24      AC:  2    Str:  8    XL:     3   Next: 17%
Magic:  6/6        EV: 12    Int: 16    God:
Gold:   39         SH:  0    Dex: 15    Spells: 6/6 levels left

rFire   . . .        a - +1 dagger (spect)
rCold   . . .        (no shield)
rNeg    . . .        b - +0 robe
rPois   .            (no helmet)
rElec   +            (no cloak)
rCorr   .            (no gloves)
SInv    .            (no boots)
Will    .....        (no amulet)
Stlth   ++           (no ring)
HPRegen 0.24/turn    (no ring)
MPRegen 0.10/turn

%: no passive effects
@: no status effects
A: demonic guardian 1, electricity resistance
a: no special abilities


You were on level 2 of the Dungeon.
You visited 1 branch of the dungeon, and saw 2 of its levels.

You collected 39 gold pieces.


Innate Abilities, Weirdness & Mutations

A weak demonic guardian rushes to your aid.
You are resistant to electric shocks. (rElec)


   Skills:
 * Level 1.5 Short Blades
 + Level 2.1 Dodging
 + Level 2.9 Stealth
 + Level 2.2 Spellcasting
 * Level 3.4 Hexes


You had 6 spell levels left.
You didn't know any spells.
Your spell library contained the following spells:

 Spells                   Type           Power      Damage    Failure   Level
 Ensorcelled Hibernation  Hex/Ice        14%        N/A       16%         2
 Confusing Touch          Hex            12%        N/A       16%         3
 Tukima's Dance           Hex            12%        N/A       16%         3
 Cigotuvi's Dreadful Rot  Necr/Pois/Air  2%         N/A       30%         2
 Dazzling Flash           Conj/Hex       14%        N/A       30%         3
 Ignite Poison            Fire/Tmut/Pois 1%         N/A       52%         3
 Freezing Cloud           Conj/Ice/Air   0%         6-21      99%         5

Inventory:

Hand Weapons
 a - a +1 spectral dagger (weapon)
Missiles
 i - 15 stones
 k - a throwing net {=f!f}
Armour
 b - a +0 robe (worn)
Jewellery
 f - an amulet of magic regeneration
   (You found it on level 1 of the Dungeon)
Scrolls
 e - a scroll of vulnerability {unknown}
 j - 2 scrolls of teleportation {@r4}
Potions
 c - 2 potions of invisibility
 g - a potion of resistance {unknown}
 h - a potion of heal wounds {@q2}
 l - a potion of lignification {!q}

Dungeon Overview and Level Annotations

Branches:
Dungeon (2/15) Zot: 10574

Altars:

#.##########
............
#.##.#####.##. #.##.#
#.##.# ..##.# #.##.#
#.##.# #.##.#
.###.#####.##.#
........##..#.##########
####.##.###.#..5@w.....#
## #.##.###.#..#######.#
.# #.##.##.....# .#
#.##.#......#
#....<.†....#
####.#......# #.##>..#.#
#.###.##.# #...>.##.#


You could see a worm (ally target) and a friendly shadow imp (summoned).


Message History

Your +1 spectral dagger disappears.
* * * LOW HITPOINT WARNING * * *
You feel very sick. The adder barely misses you.
Your iron imp barely misses the adder. 😱 HP[-3]
You take 3 damage, and now have 2/19 hp.
It was a potion of heal wounds.
You feel much better.
You feel very sick. The adder bites you. 😮 HP[+11]
You regained 11 hp, and now have 13/19 hp.
You barely miss the adder.
Your +1 spectral dagger hits the adder.
You feel very sick. The adder closely misses you.
Your iron imp closely misses the adder. 😮 HP[-3]
You take 3 damage, and now have 10/19 hp.
You barely miss the adder.
Your +1 spectral dagger misses the adder.
You feel sick. The adder bites you but does no damage.
Your iron imp hits the adder.
The adder dies!
You have reached level 3!
Your experience leads to an increase in your attributes!
Increase (S)trength, (I)ntelligence, or (D)exterity?
You feel agile. x2 😨 HP[+2] MP[+1]
You now have 24 max hp (+5).
You regained 2 hp, and now have 12/24 hp.
Your mp is fully restored (6).
Your +1 spectral dagger disappears.
You feel sick.
You feel sick.
You feel sick.
You feel sick.
You feel sick.
You feel sick.
You are no longer poisoned.
Your iron imp disappears in a puff of smoke!
Found a stone staircase leading down. 😕 HP[+8]
You regained 8 hp, and now have 20/24 hp.
You now have 39 gold pieces (gained 9).
There is a stone staircase leading down here.
A worm comes into view. 😎 HP[+4]
Your hp is fully restored (24).
A worm is nearby!
A worm is nearby!
A worm is nearby!
A worm is nearby!
You hit the worm. The worm misses you.
You hit the worm.
A worm is nearby!
You completely miss the worm. The worm misses you.
You barely miss the worm.
A worm is nearby!
You hit the worm. The worm closely misses you.
You hit the worm. The worm bites you. 😕 HP[-2]
You take 2 damage, and now have 22/24 hp.
You completely miss the worm. You hit the worm. The worm misses you. 😕 HP[+1]
A worm is nearby!
You hit the worm. You barely miss the worm. The worm bites you.
A demonic guardian appears! 😮 HP[-5]
You take 5 damage, and now have 18/24 hp.
MASSIVE DAMAGE!! (PAUSE)
You hit the worm but do no damage. You barely miss the worm.
The worm closely misses you. 😕 HP[+1]
You hit the worm. The worm bites you.
You are too injured to fight recklessly! 😮 HP[-3]
You take 3 damage, and now have 16/24 hp.
You are too injured to fight recklessly!
You are too injured to fight recklessly!
Unknown command.
You hit the worm.
Unknown command.
Unknown command.
You hit the worm but do no damage. The worm bites you.
* * * LOW HITPOINT WARNING * * *
😨 HP[-4]
You take 4 damage, and now have 12/24 hp.
You barely miss the worm. 😮 HP[+1]
You hit the worm but do no damage. The worm barely misses you.
Unknown command.
You hit the worm. You hit the worm. The worm bites you!
* * * LOW HITPOINT WARNING * * *
😱 HP[-9]
You take 9 damage, and now have 4/24 hp.
MASSIVE DAMAGE!! (PAUSE)
You hit the worm. 😱 HP[+1]
You hit the worm. The worm bites you.
You die...

Skill      XL: |  1  2 |
---------------+-------+-----
Short Blades   | 1 |  1.5
Dodging        | 2 |  2.1
Stealth        | |  2.9
Spellcasting   | |  2.2
Hexes          | |  3.4

Action                     || total
---------------------------++-------
  Melee: Dagger            ||   108
    Use: Scroll            ||     3
         Potion            ||     2
   Stab: Sleeping          ||     6
 Armour: Robe              ||    46
  Dodge: Dodged            ||    58

Levels and vault maps discovered:
D:1:      minmay_arrival_hallway, layout_basic, kennysheep_flooded_box
D:2:      layout_loops_ring, minivault_19, chequers_serial_rivers_room_b,
          minivault_14, minmay_crystal_room

Notes
Turn   | Place    | Note
-------+----------+-------------------------------------------
     0 | D:1      | kae the Demonspawn Enchanter began the quest for the Orb.
     0 | D:1      | Reached XP level 1. HP: 13/13 MP: 3/3
     0 | D:1      | magus.rc [v1.11.3]
   102 | D:1      | Reached skill level 1 in Short Blades
   246 | D:1      | HP: 2/13 [frozen (4)]
   248 | D:1      | Gained mutation: A weak demonic guardian rushes to your
                  | aid. [demonic ancestry]
   248 | D:1      | Reached XP level 2. HP: 3/19 MP: 5/5
   625 | D:1      | Reached skill level 2 in Dodging
   628 | D:1      | HP: 3/19 [frozen (4)]
   685 | D:1      | You add the spells Cigotuvi's Dreadful Rot, Ignite Poison
                  | and Freezing Cloud to your library.
  1303 | D:2      | Gained mutation: You are resistant to electric shocks.
                  | (rElec) [potion of mutation]
  1303 | D:2      | HP: 2/19 [poisoned by an adder]
  1307 | D:2      | Reached XP level 3. HP: 12/24 MP: 6/6
  1429 | D:2      | HP: 4/24 [worm (9)]
  1431 | D:2      | Slain by a worm

Vanquished Creatures
  A bat (D:1)
  2 endoplasms (D:1)
  A giant cockroach (D:1)
  5 hobgoblins (D:1)
  3 kobolds
  A quokka (D:1)
  5 ball pythons (D:1)
  3 frilled lizards (D:1)
  A rat (D:1)
22 creatures vanquished.

Vanquished Creatures (collateral kills)
  An adder (D:2)
  An endoplasm (D:1)
2 creatures vanquished.

Grand Total: 24 creatures vanquished

Table legend:
 A = Non-vault XP
 B = Vault XP
 C = Vault XP percentage of total XP
 D = Non-vault monster count
 E = Vault monster count
 F = Vault count percentage of total count
                 A         B        C        D         E       F
            +---------+---------+-------+---------+---------+-------
      Total |      51 |       0 |   0.0 |      24 |       0 |   0.0
            +---------+---------+-------+---------+---------+-------
        D:1 |      35 |       0 |   0.0 |      22 |       0 |   0.0
        D:2 |      16 |       0 |   0.0 |       2 |       0 |   0.0
            +---------+---------+-------+---------+---------+-------

Skill      XL: |  1  2 |
---------------+-------+-----
Short Blades   | 1 |  1.5
Dodging        | 2 |  2.1
Stealth        | |  2.9
Spellcasting   | |  2.2
Hexes          | |  3.4

Action                     || total
---------------------------++-------
  Melee: Dagger            ||   108
    Use: Scroll            ||     3
         Potion            ||     2
   Stab: Sleeping          ||     6
 Armour: Robe              ||    46
  Dodge: Dodged            ||    58

Illustrated notes

Table legend:
 A = Kills in this place as a percentage of kills in the entire game.
 B = Kills by you in this place as a percentage of kills by you in the entire game.
 C = Kills by friends in this place as a percentage of kills by friends in the entire game.
 D = Other kills in this place as a percentage of other kills in the entire game.
 E = Experience gained in this place as a percentage of experience gained in the entire game.
 F = Experience gained in this place divided by the number of levels of this place that you have seen.
                   A       B       C       D       E      F
               +-------+-------+-------+-------+-------+----------------------
         Total | 100.0 | 100.0 | 100.0 |   N/A | 100.0 |  25.5
       Dungeon | 100.0 | 100.0 | 100.0 |   N/A | 100.0 |  25.5
               +-------+-------+-------+-------+-------+----------------------

Table legend: (Time is in decaauts)
 A = Elapsed time spent in this place.
 B = Non-inter-level travel time spent in this place.
 C = Inter-level travel time spent in this place.
 D = Time resting spent in this place.
 E = Time spent auto-exploring this place.
 F = Levels seen in this place.
 G = Mean time per level.
                   A        B        C        D        E       F      G
               +--------+--------+--------+--------+--------+-----+--------+
         Total |   1424 |   1419 |      5 |     78 |   1119 |   2 |  712.0 |
       Dungeon |   1424 |   1419 |      5 |     78 |   1119 |   2 |  712.0 |
               +--------+--------+--------+--------+--------+-----+--------+

Top non-repeatable levels by time:
     D:1: 1220 daAuts
     D:2: 203 daAuts
